 Dungeon Crawl Stone Soup version 0.32-a0-35-gd9ff480968 (webtiles) character file.

Game seed: 2734779837460507917

52 Jase the Poker (level 3, 0/27 HPs)
             Began as a Merfolk Gladiator on Jan 23, 2024.
             Slain by a gnoll
             ... wielding a +0 whip
              (6 damage)
             ... on level 3 of the Dungeon.
             The game lasted 00:03:00 (1244 turns).

Jase the Poker (Merfolk Gladiator)                  Turns: 1244, Time: 00:03:01

Health: 0/27       AC:  4    Str: 14    XL:     3   Next: 85%
Magic:  3/3        EV: 13    Int:  9    God:
Gold:   76         SH:  0    Dex: 15    Spells: 2/2 levels left

rFire   . . .        a - +0 trident
rCold   . . .        (no shield)
rNeg    . . .        b - +0 leather armour
rPois   .            f - +0 helmet
rElec   .            (no cloak)
rCorr   .            (no gloves)
SInv    .            (no boots)
Will    .....        (no amulet)
Stlth   +            (no ring)
HPRegen 0.24/turn    (no ring)
MPRegen 0.08/turn

%: no passive effects
@: no status effects
A: (nimble swimmer 2), mertail
a: no special abilities


You were on level 3 of the Dungeon.
You visited 1 branch of the dungeon, and saw 4 of its levels.

You collected 76 gold pieces.

Inventory:

Hand Weapons
 a - a +0 trident (weapon)
Missiles
 d - 2 throwing nets (quivered)
 e - a javelin
Armour
 b - a +0 leather armour (worn)
 f - a +0 helmet (worn)
 g - a +0 ring mail
Scrolls
 c - 2 scrolls of teleportation {unknown}
 j - a scroll of noise {unknown}
 k - a scroll of identify {unknown}
Potions
 h - 3 potions of enlightenment {unknown}
 i - a potion of resistance {unknown}


   Skills:
 - Level 2.1 Fighting
 + Level 6.2 Polearms
 - Level 2.0 Throwing
 - Level 4.0 Dodging


You had 2 spell levels left.
You didn't know any spells.
Your spell library was empty.

Dungeon Overview and Level Annotations

Branches:
Dungeon (4/15)
 Temple: D:4-7

Altars:
Xom


Innate Abilities, Weirdness & Mutations

((You are very nimble when in or above water. (Stealth+, EV+, Speed+++)))
Your lower body shifts to a powerful aquatic tail in water.


Message History

You kill the gnoll!
Your Polearms skill increases to level 6!
There is a stone staircase leading down here.
You climb downwards.
There is a stone staircase leading up here.
You start resting.
HP restored.
You climb upwards.
The gnoll barely misses you. The gnoll hits you with a +0 whip.
The gnoll closely misses you.
There is a stone staircase leading down, spattered with blood here.
You hit the gnoll but do no damage. The gnoll barely misses you.
The gnoll hits you but does no damage.
You closely miss the gnoll. You punch the gnoll.
The gnoll is moderately wounded.
The gnoll hits you with a +0 whip. The gnoll misses you.
You closely miss the gnoll.
The gnoll is lightly wounded.
The gnoll barely misses you. The gnoll closely misses you.
You barely miss the gnoll.
The gnoll is lightly wounded.
The gnoll hits you with a +0 whip. The gnoll misses you.
You are too injured to fight recklessly!
You are too injured to fight recklessly!
You are too injured to fight recklessly!
You puncture the gnoll!
The gnoll is severely wounded.
The gnoll hits you but does no damage. The gnoll barely misses you.
You barely miss the gnoll.
The gnoll is severely wounded.
The gnoll hits you with a +0 whip. The gnoll closely misses you.
You hit the gnoll.
The gnoll is almost dead.
The gnoll hits you with a +0 whip.
* * * LOW HITPOINT WARNING * * *
The gnoll hits you with a +0 whip.
* * * LOW HITPOINT WARNING * * *
You barely miss the gnoll.
The gnoll is almost dead.
The gnoll misses you. The gnoll hits you with a +0 whip.
You die...

#.. #.# #.# #.#
#.# # ##### #.#
#.# ..###...# #.#
#.#
#....>..####.#
#.# #...........#
#g# ##.....####.#
#)#
##..g@g....###.#
#..............#
#.#...###.#.#.###
#. ###. #...#.# .
#[ #....... #[
#......## #.
#..##### #. #..#
#..#


You could see 2 gnolls.

Vanquished Creatures
  2 gnolls (D:3)
  An adder (D:4)
  A dart slug (D:1)
  4 goblins
  3 hobgoblins
  4 kobolds (D:1)
  A quokka (D:1)
  A ball python (D:2)
  A bat (D:1)
  3 frilled lizards
  A rat (D:1)
22 creatures vanquished.

Notes
Turn   | Place    | Note
-------+----------+-------------------------------------------
     0 | D:1      | Jase the Merfolk Gladiator began the quest for the Orb.
     0 | D:1      | Reached XP level 1. HP: 16/16 MP: 1/1
   275 | D:1      | Reached XP level 2. HP: 22/22 MP: 2/2
   353 | D:1      | Reached skill level 5 in Polearms
   995 | D:2      | Found a shimmering altar of Xom.
  1020 | D:2      | You fall into a shaft and drop 2 floors!
  1128 | D:4      | Reached XP level 3. HP: 27/27 MP: 3/3
  1162 | D:3      | Reached skill level 6 in Polearms
  1244 | D:3      | Slain by a gnoll

Illustrated notes

Levels and vault maps discovered:
D:1:      nagdon_arrival_double_spiral, layout_loops_ring, serial_bayou_crossing
D:2:      layout_basic, serial_shops, nicolae_shop_stone,
          shapermc_ecumenical_altar_mp_ritualfount, basic_altar,
          corner_web_ring, nicolae_half_adder
D:3:      layout_loops_ring, minmay_liquid_box
D:4:      layout_layer_cave, serial_bayou_lagoon_a, uniq_natasha, uniq_robin

Skill      XL: |  1  2  3 |
---------------+----------+-----
Polearms       | 5 6 |  6.2
Fighting       | |  2.1
Throwing       | |  2.0
Dodging        | |  4.0

Action                     || total
---------------------------++-------
  Melee: Trident           ||    79
         Punch             ||     1
  Throw: Throwing net      ||     1
   Stab: Sleeping          ||     1
         Held in net/web   ||     1
 Armour: Leather armour    ||    34
  Dodge: Dodged            ||    41

Table legend: (Time is in decaauts)
 A = Elapsed time spent in this place.
 B = Non-inter-level travel time spent in this place.
 C = Inter-level travel time spent in this place.
 D = Time resting spent in this place.
 E = Time spent auto-exploring this place.
 F = Levels seen in this place.
 G = Mean time per level.
                   A        B        C        D        E       F      G
               +--------+--------+--------+--------+--------+-----+--------+
         Total |   1242 |   1203 |     39 |    103 |    838 |   4 |  310.5 |
       Dungeon |   1242 |   1203 |     39 |    103 |    838 |   4 |  310.5 |
               +--------+--------+--------+--------+--------+-----+--------+

Top non-repeatable levels by time:
     D:1: 980 daAuts
     D:4: 177 daAuts
     D:3: 47 daAuts
     D:2: 37 daAuts
